 Dungeon Crawl Stone Soup version 0.26-a0-389-g5bc9781 (webtiles) character file.

Game seed: 686668221509341403

118 zxpr0jk the Chiller (level 4, -1/33 HPs)
             Began as a Draconian Ice Elementalist on July 22, 2020.
             Succumbed to an orc's poison
             ... on level 2 of the Dungeon.
             The game lasted 00:08:46 (3297 turns).

zxpr0jk the Chiller (Draconian Ice Elementalist)    Turns: 3297, Time: 00:08:46

Health: -1/33      AC:  9    Str: 11    XL:     4   Next: 72%
Magic:  8/8        EV: 12    Int: 16    God:
Gold:   80         SH:  0    Dex: 11    Spells: 5/9 levels left

rFire    . . .     SeeInvis .   h - +0 short sword
rCold    . . .     Faith    .   (no shield)
rNeg     . . .     Spirit   .   (armour unavailable)
rPois    .         Reflect  .   (helmet restricted)
rElec    .         Harm     .   (no cloak)
rCorr    .                      (no gloves)
MR       .....                  (no boots)
Stlth    ++........             (no amulet)
HPRegen  0.11/turn              i - +4 ring of protection
MPRegen  0.11/turn              (no ring)

@: lethally poisoned (-1 -> -40), very slightly contaminated, hasted, invisible,
very quick
A: unfitting armour, cold-blooded, AC +5
a: no special abilities


You were on level 2 of the Dungeon.
You visited 1 branch of the dungeon, and saw 3 of its levels.

You collected 80 gold pieces.

Inventory:

Hand Weapons
 c - a +4 dagger of venom
 h - a +0 short sword (weapon)
Missiles
 a - 69 stones (quivered)
Armour
 e - a +0 buckler
Jewellery
 i - a +4 ring of protection (left hand)
Scrolls
 f - 2 scrolls of remove curse
 g - a scroll of fog
Potions
 b - a potion of haste


   Skills:
 * Level 2.5 Dodging
 - Level 2.0 Stealth
 + Level 3.0 Spellcasting
 - Level 5.0 Ice Magic


You had 5 spell levels left.
You knew the following spells:

 Your Spells              Type           Power        Failure   Level
a - Freeze                Ice            ###.         2%          1
b - Ozocubu's Armour      Ice            ###.....     7%          3

Your spell library contained the following spells:

 Spells                   Type           Power        Failure   Level
 Frozen Ramparts          Ice            ###...       7%          3
 Hailstorm                Conj/Ice       ##......     54%         4
 Summon Ice Beast         Ice/Summ       ##......     54%         4


Dungeon Overview and Level Annotations

Branches:
Dungeon (3/15)

Altars:
Fedhas


Innate Abilities, Weirdness & Mutations

Your plain brown scales are hard. (AC +5)
You cannot fit into any form of body armour.
You are cold-blooded and may be slowed by cold attacks.


Message History

There is a stone staircase leading down here.
There is a stone staircase leading down here.
As you read the scroll labeled SETA DAMNYIZEUSU, it crumbles to dust.
The scroll dissolves into smoke.
It was a scroll of fog.
* * * LOW HITPOINT WARNING * * *
You feel very sick.
There is a stone staircase leading down here.
* * * LOW HITPOINT WARNING * * *
You feel sick.
Things that are here:
a +4 dagger of venom; an orc corpse
c - a +4 dagger of venom
* * * LOW HITPOINT WARNING * * *
You feel sick.
You see here an orc corpse.
There is a lethal amount of poison in your body!
You see here an orc corpse.
There is a lethal amount of poison in your body!
You see here an orc corpse.
You die...

..........##...##.###.....#......#
..........##...##.#.......#.######
..........##...##.#.#.....#.#######
..........####..#.#.#.....#........
..........# ##.#.#.#.....#########
..........# #.#.#.#.............#
..........# ###§#§#.#############.#
..........# #..§§§#.# #.#
........).###..§§@#)######### #.#
###............§§§§§........# #.#
#............§§§§§#######.# #.#
###............§§...#....##.# #.#
.##.................#.#.....# #.#
.##........####..........#### #.#
...........# #..........##### #.#
..##.......# #..............# #.#
..##.......# ##.....##.####.# #.#


There were no monsters in sight!

Vanquished Creatures
  An orc priest (D:2)
  2 worms (D:2)
  4 dart slugs
  A leopard gecko (D:2)
  3 orcs (D:2)
  A ball python (D:2)
  5 bats
  8 giant cockroaches
  3 goblins
  10 hobgoblins
  5 jackals
  A quokka (D:2)
  3 frilled lizards
  6 kobolds
  13 rats
66 creatures vanquished.

Notes
Turn   | Place    | Note
-------+----------+-------------------------------------------
     0 | D:1      | zxpr0jk the Draconian Ice Elementalist began the quest for
                  | the Orb.
     0 | D:1      | Reached XP level 1. HP: 14/14 MP: 3/3
   298 | D:1      | Reached XP level 2. HP: 20/20 MP: 5/5
   922 | D:1      | Reached XP level 3. HP: 26/26 MP: 3/6
   998 | D:1      | Learned a level 3 spell: Ozocubu's Armour
  1685 | D:2      | Found a blossoming altar of Fedhas.
  2013 | D:2      | Reached XP level 4. HP: 24/33 MP: 4/8
  2275 | D:2      | Reached skill level 5 in Ice Magic
  3296 | D:2      | HP: 1/33 [poisoned by an orc]
  3297 | D:2      | Succumbed to an orc's poison

Illustrated notes

Levels and vault maps discovered:
D:1:      dpeg_arrival_three_bigger_balls, layout_loops_ring
D:2:      layout_basic, fedhas_ov_isle_minmay
D:3:      layout_loops_ring

Skill      XL: |  1  2  3  4 |
---------------+-------------+-----
Dodging        | 2 |  2.5
Stealth        | 2 |  2.0
Ice Magic      | 5 |  5.0
Spellcasting   | 3 |  3.0

Action                   |  1- 3 |  4- 6 || total
-------------------------+-------+-------++-------
Melee: Unarmed           |    52 |       ||    52
       Tailslap          |     9 |     1 ||    10
       Short sword       |    48 |    27 ||    75
       Dagger            |       |    17 ||    17
Throw: Stone             |   151 |    24 ||   175
 Cast: Freeze            |    47 |    14 ||    61
       Ozocubu's Armour  |     1 |     1 ||     2
  Use: Scroll            |       |     5 ||     5
       Potion            |       |     3 ||     3
Armor: Skin              |    40 |    30 ||    70
Dodge: Dodged            |    78 |    27 ||   105

Table legend: (Time is in decaauts)
 A = Elapsed time spent in this place.
 B = Non-inter-level travel time spent in this place.
 C = Inter-level travel time spent in this place.
 D = Time resting spent in this place.
 E = Time spent auto-exploring this place.
 F = Levels seen in this place.
 G = Mean time per level.
                   A        B        C        D        E       F      G
               +--------+--------+--------+--------+--------+-----+--------+
         Total |   3319 |   3227 |     92 |    363 |   2297 |   3 | 1106.3 |
       Dungeon |   3319 |   3227 |     92 |    363 |   2297 |   3 | 1106.3 |
               +--------+--------+--------+--------+--------+-----+--------+
Top levels by time: D:2: 1857 daAuts D:1: 1385 daAuts D:3: 76 daAuts
